 Dungeon Sprint DCSS version 0.16-a0-44-gd96af6c (webtiles) character file.

8540 BluebellGnoll the Bludgeoner (level 11, -6/132 HPs)
             Began as an Ogre Hunter on Aug 5, 2014.
             Was a High Priest of Okawaru.
             Mangled by a deep troll (13 damage)
             ... in the Dungeon (Sprint IX: "|||||||||||||||||||||||||||||").
             The game lasted 00:14:03 (2158 turns).

BluebellGnoll the Bludgeoner (Ogre Hunter)          Turns: 2158, Time: 00:14:04

HP  -6/132       AC  4     Str 19      XL: 11   Next: 32%
MP  24/24        EV 21     Int 10      God: Okawaru [*****.]
Gold 1250        SH  0     Dex 13      Spells:  0 memorised, 10 levels left

rFire  + . .     SeeInvis .     o - +2 dire flail of the Gloaming {pain, +Inv rPois rF+ rN+}
rCold  . . .     Clarity  .     d - +0 animal skin
rNeg   + . .     rCorr    .     (shield restricted)
rPois  +         rRot     .     (helmet restricted)
rElec  .         Spirit   .     q - +0 cloak
SustAb .         Warding  .     (gloves unavailable)
rMut   .         NoTele   +     (boots unavailable)
Gourm  .                        (no amulet)
MR     +....                    s - +2 ring of evasion
                                r - +2 ring of evasion

@: somewhat resistant to hostile enchantments, fairly stealthy
A: unfitting armour, tough skin 1
a: Heroism, Finesse, Renounce Religion, Evoke Invisibility


You were in the Dungeon.
You worshipped Okawaru.
Okawaru was extremely pleased with you.
You were very hungry.

You visited 1 branch You collected 1250 gold pieces.

Inventory:

Hand weapons
 a - a +0 club
 o - the +2 dire flail of the Gloaming (weapon) {pain, +Inv rPois rF+ rN+}
   (You found it in the Dungeon)

   In the hands of one skilled in necromantic magic, it inflicts extra damage on
   living creatures.
   It protects you from fire.
   It protects you from poison.
   It protects you from negative energy.
   It lets you turn invisible.
 p - the +2 halberd of the Wolf {chop, rC+}
   (You found it in the Dungeon)

   It inflicts extra damage upon your enemies.
   It protects you from cold.
 t - a +0 giant spiked club
 u - a +0 trident
Missiles
 B - 8 tomahawks of dispersal (quivered)
Armour
 d - a +0 animal skin (worn)
 q - a +0 cloak (worn)
 v - a +0 plate armour
 z - a +1 robe of positive energy
Magical devices
 m - a wand of cold (4)
Comestibles
 c - 39 fruits
 f - 13 meat rations
 A - 12 bread rations
 C - 3 rotting chunks of orc flesh
Scrolls
 j - 5 scrolls of remove curse
 k - 2 scrolls of blinking
 l - 2 scrolls of amnesia
 x - a scroll of enchant weapon
 y - 2 scrolls of identify
Jewellery
 r - a +2 ring of evasion (left hand)
 s - a +2 ring of evasion (right hand)
Potions
 e - 6 potions of curing
 g - 7 potions of heal wounds
 h - a potion of cure mutation
 i - 4 potions of magic
 w - a potion of berserk rage
Magical staves
 n - an uncursed staff of energy


   Skills:
 - Level 15.0 Fighting
 - Level 15.1 Maces & Flails
 - Level 9.7 Throwing
 - Level 13.2 Dodging
 + Level 10.0 Stealth
 - Level 9.9 Invocations


You had 10 spell levels left.
You didn't know any spells.

Dungeon Overview and Level Annotations

Branches:
Dungeon (1/1)

Altars:
Cheibriados
Dithmenos
Elyvilon
Fedhas
Gozag
Kikubaaqudgha
Makhleb
Nemelex Xobeh
Okawaru
Qazlal
Sif Muna
Trog
Vehumet
Xom
Yredelemnul
Zin
The Shining One
Beogh
Jiyva
Lugonu

Shops:
D *


Innate Abilities, Weirdness & Mutations

You are too large for most types of armour.
You have tough skin (AC +1).


Message History

The deep troll claws you but does no damage.
You are feeling very hungry.
You puncture the deep troll!
The deep troll is moderately wounded.
The deep troll bites you. The deep troll claws you! The deep troll claws you.
* * * LOW HITPOINT WARNING * * *
You puncture the deep troll!
The deep troll is heavily wounded.
You hit the deep troll but do no damage.
The deep troll is heavily wounded.
The deep troll bites you!
* * * LOW HITPOINT WARNING * * *
The deep troll misses you. The deep troll claws you!
* * * LOW HITPOINT WARNING * * *
You sock the deep troll!
The deep troll is severely wounded.
You barely miss the deep troll.
The deep troll is severely wounded.
The deep troll barely misses you. The deep troll claws you!
You die...

▓.▓.▓.▓.▓.▓
▓.▓.▓.▓.▓.▓
▓.▓.▓.▓.▓.▓
▓.▓.▓.▓(▓.▓
▓.▓.▓.▓(▓.▓
▓'▓.▓.▓.▓.▓
▓)▓.▓'▓.▓.▓
▓.▓.▓.▓T▓.▓
▓.▓.▓.▓@▓.▓
▓.▓.▓.▓.▓.▓
▓(▓.▓.▓.▓T▓
▓'▓.▓.▓.▓.▓
▓)▓.▓)▓.▓'▓
▓.▓.▓)▓.▓T▓
▓.▓.▓.▓.▓)▓
▓.▓.▓.▓.▓)▓
▓.▓.▓.▓.▓)▓


You could see a deep troll.

Vanquished Creatures
  An ogre mage (D)
  An iron troll (D)
  A deep troll (D)
  3 hill giants (D)
  An orc knight (D)
  A torpor snail (D)
  3 spiny frogs (D)
  A fire drake (D)
  A troll (D)
  A deep elf mage (D)
  2 yaks (D)
  A wraith (D)
  3 water moccasins (D)
  4 vampire mosquitoes (D)
  2 porcupines (D)
  A soldier ant (D)
  12 orc warriors (D)
  A centaur (D)
  A crocodile (D)
  A brain worm (D)
  2 giant frogs (D)
  A scorpion (D)
  4 orc priests (D)
  3 hounds (D)
  An orc wizard (D)
  3 iguanas (D)
  2 adders (D)
  8 orcs (D)
  2 bats (D)
  A giant cockroach (D)
  A goblin (D)
  3 hobgoblins (D)
  2 quokkas (D)
  2 giant newts (D)
  A hobgoblin zombie (D)
  A rat (D)
79 creatures vanquished.

Notes
Turn   | Place    | Note
--------------------------------------------------------------
     0 | D        | BluebellGnoll, the Ogre Hunter, began the quest for the Orb.
     0 | D        | Reached XP level 1. HP: 22/22 MP: 1/1
    30 | D        | Noticed a centaur
    33 | D        | Reached skill level 5 in Maces & Flails
    33 | D        | Reached XP level 2. HP: 27/29 MP: 2/2
    35 | D        | Reached skill level 6 in Maces & Flails
    55 | D        | Killed a centaur
    55 | D        | Reached skill level 11 in Maces & Flails
    55 | D        | Reached XP level 3. HP: 5/36 MP: 3/3
    55 | D        | Reached XP level 4. HP: 6/44 MP: 4/4
    63 | D        | Found a glowing silver altar of Zin.
    63 | D        | Found a glowing golden altar of the Shining One.
    63 | D        | Found an ancient bone altar of Kikubaaqudgha.
    63 | D        | Found a basalt altar of Yredelemnul.
    63 | D        | Found a shimmering altar of Xom.
    63 | D        | Found a radiant altar of Vehumet.
    63 | D        | Found an iron altar of Okawaru.
    64 | D        | Found a burning altar of Makhleb.
    65 | D        | Found a deep blue altar of Sif Muna.
    66 | D        | Found a bloodstained altar of Trog.
    67 | D        | Found a sparkling altar of Nemelex Xobeh.
    68 | D        | Found a white marble altar of Elyvilon.
    69 | D        | Found a roughly hewn altar of Beogh.
    70 | D        | Found a viscous altar of Jiyva.
    71 | D        | Found a corrupted altar of Lugonu.
    72 | D        | Became a worshipper of Warmaster Okawaru
   118 | D        | Found a blossoming altar of Fedhas.
   119 | D        | Found a snail-covered altar of Cheibriados.
   120 | D        | Found a shadowy altar of Dithmenos.
   121 | D        | Found a stormy altar of Qazlal.
   122 | D        | Found an opulent altar of Gozag.
   143 | D        | Got the +2 dire flail of the Gloaming {pain, +Inv rPois rF+ rN+}
   143 | D        | Got the +2 halberd of the Wolf {chop, rC+}
   343 | D        | Noticed an iguana
   343 | D        | Noticed an orc warrior
   343 | D        | Noticed a hill giant
   350 | D        | Killed an iguana
   350 | D        | Reached XP level 5. HP: 49/55 MP: 2/5
   360 | D        | Killed an orc warrior
   360 | D        | Reached XP level 6. HP: 53/72 MP: 3/6
   366 | D        | Killed a hill giant
   366 | D        | Acquired Okawaru's first power
   366 | D        | Reached skill level 13 in Fighting
   366 | D        | Reached XP level 7. HP: 42/93 MP: 3/7
   568 | D        | Noticed a soldier ant
   568 | D        | Noticed a wraith
   568 | D        | Noticed a brain worm
   568 | D        | Noticed a deep elf mage
   568 | D        | Noticed a scorpion
   575 | D        | Killed a soldier ant
   582 | D        | Killed a wraith
   582 | D        | Reached XP level 8. HP: 93/102 MP: 6/8
   585 | D        | Killed a brain worm
   589 | D        | Killed a deep elf mage
   597 | D        | Killed a scorpion
   716 | D        | Noticed a water moccasin
   716 | D        | Noticed a hound
   716 | D        | Noticed a hound
   716 | D        | Noticed a yak
   716 | D        | Noticed a porcupine
   716 | D        | Noticed a water moccasin
   721 | D        | Killed a water moccasin
   721 | D        | Received a gift from Okawaru
   721 | D        | Reached skill level 10 in Dodging
   722 | D        | Noticed an iguana
   723 | D        | Killed a hound
   726 | D        | Killed a hound
   726 | D        | Reached skill level 14 in Maces & Flails
   730 | D        | Killed a yak
   733 | D        | Killed a porcupine
   740 | D        | Killed a water moccasin
   740 | D        | Reached skill level 15 in Maces & Flails
   740 | D        | Reached XP level 9. HP: 105/110 MP: 9/9
   741 | D        | Noticed an iguana
   744 | D        | Killed an iguana
   749 | D        | Killed an iguana
   990 | D        | Noticed a water moccasin
   990 | D        | Noticed a fire drake
   990 | D        | Noticed a hound
   990 | D        | Noticed a crocodile
   990 | D        | Noticed a giant frog
   990 | D        | Noticed a yak
   993 | D        | Noticed a torpor snail
   994 | D        | Killed a water moccasin
   994 | D        | Reached skill level 5 in Throwing
   995 | D        | Killed a fire drake
   998 | D        | Killed a hound
   999 | D        | Noticed a porcupine
  1002 | D        | Killed a crocodile
  1004 | D        | Killed a giant frog
  1007 | D        | Killed a yak
  1013 | D        | Killed a torpor snail
  1014 | D        | Killed a porcupine
  1017 | D        | Acquired Okawaru's second power
  1035 | D        | Noticed a spiny frog
  1035 | D        | Noticed a vampire mosquito
  1035 | D        | Noticed a vampire mosquito
  1035 | D        | Noticed a vampire mosquito
  1035 | D        | Noticed a vampire mosquito
  1035 | D        | Noticed a spiny frog
  1035 | D        | Noticed a spiny frog
  1038 | D        | Killed a spiny frog
  1039 | D        | Killed a vampire mosquito
  1041 | D        | Noticed a giant frog
  1043 | D        | Killed a vampire mosquito
  1043 | D        | Reached XP level 10. HP: 85/120 MP: 7/10
  1045 | D        | Killed a vampire mosquito
  1049 | D        | Killed a vampire mosquito
  1049 | D        | Received a gift from Okawaru
  1051 | D        | Killed a spiny frog
  1060 | D        | Killed a spiny frog
  1061 | D        | Killed a giant frog
  1061 | D        | Reached skill level 15 in Fighting
  1064 | D        | Received a gift from Okawaru
  1308 | D        | Noticed an orc wizard
  1308 | D        | Noticed an orc priest
  1308 | D        | Noticed an orc priest
  1308 | D        | Noticed an orc warrior
  1310 | D        | Killed an orc wizard
  1310 | D        | Reached skill level 1 in Invocations
  1313 | D        | Killed an orc priest
  1315 | D        | Noticed an orc priest
  1322 | D        | Killed an orc warrior
  1325 | D        | Noticed an orc priest
  1328 | D        | Killed an orc priest
  1339 | D        | Killed an orc priest
  1346 | D        | Killed an orc priest
  1641 | D        | Noticed an orc warrior
  1641 | D        | Noticed an orc warrior
  1641 | D        | Noticed an orc knight
  1641 | D        | Noticed an orc warrior
  1641 | D        | Noticed an orc warrior
  1641 | D        | Noticed an orc warrior
  1641 | D        | Noticed an orc warrior
  1642 | D        | Killed an orc warrior
  1655 | D        | Killed an orc knight
  1657 | D        | Killed an orc warrior
  1658 | D        | Killed an orc warrior
  1661 | D        | Killed an orc warrior
  1662 | D        | Killed an orc warrior
  1662 | D        | Received a gift from Okawaru
  1668 | D        | Killed an orc warrior
  1676 | D        | Noticed an orc warrior
  1680 | D        | Killed an orc warrior
  1703 | D        | Noticed an orc warrior
  1723 | D        | Killed an orc warrior
  1746 | D        | Noticed an orc warrior
  1751 | D        | Killed an orc warrior
  1752 | D        | Noticed an orc warrior
  1757 | D        | Killed an orc warrior
  1777 | D        | Found Ugguames' General Store.
  1777 | D        | Noticed a hill giant
  1777 | D        | Noticed a troll
  1777 | D        | Noticed a hill giant
  1777 | D        | Noticed an ogre mage
  1777 | D        | Noticed a deep troll
  1777 | D        | Noticed a deep troll
  1781 | D        | Noticed an iron troll
  1781 | D        | Killed a hill giant
  1784 | D        | Killed a troll
  1791 | D        | Killed a hill giant
  1791 | D        | Reached XP level 11. HP: 46/132 MP: 17/24
  1794 | D        | HP: 5/132 [deep troll (10)]
  1815 | D        | Killed an ogre mage
  1824 | D        | Killed a deep troll
  2110 | D        | Killed an iron troll
  2110 | D        | Reached skill level 10 in Stealth
  2158 | D        | Mangled by a deep troll

Action                   |  1- 3 |  4- 6 |  7- 9 | 10-12 || total
-------------------------+-------+-------+-------+-------++-------
Melee: Club              |    33 |       |       |       ||    33
       Dire flail        |       |    16 |    65 |    75 ||   156
Throw: Large rock        |     5 |     5 |    16 |    27 ||    53
       Throwing net      |     2 |     1 |     2 |       ||     5
       Tomahawk          |       |       |       |    25 ||    25
Invok: Heroism           |       |       |     3 |     3 ||     6
       Finesse           |       |       |       |     1 ||     1
 Abil: Evoke Invisibilit |       |     1 |       |       ||     1
Evoke: Wand              |       |       |       |     3 ||     3
  Use: Potion            |     2 |       |     1 |     3 ||     6
       Scroll            |       |       |       |     1 ||     1
 Stab: Invisible         |       |     3 |     1 |       ||     4
       Held in net/web   |       |       |     1 |       ||     1
  Eat: Chunk             |       |       |     2 |     3 ||     5
       Fruit             |       |       |       |     1 ||     1
